Cogmind - Beta 9.2 @@@ ROGUE MODE // 2019.11.17 @ 11:56:41 Player: Pimski Result: Destroyed by as-20516 with Assembled Heavy Rifle Performance ------------- Evolutions (0) 0 Regions Visited (2) 400 Robots Destroyed (20) 100 Value Destroyed (191) 191 Prototype IDs (4) 80 Alien Tech Used (0) 0 Bonus (0) 0 TOTAL SCORE: 771 Bonus ------- None Cogmind --------- Core Integrity 0/250 Matter 235/300 Energy 100/100 System Corruption 0% Temperature Cool (0) Movement Treading (180) Ox1 Location -10/Mines Parts ------- > --- POWER (1) -------- (None) > --- PROPULSION (2) --- Light Treads > --- UTILITY (2) ------ Large Storage Unit Large Storage Unit > --- WEAPON (2) ------- Heavy Assault Rifle Heavy Hammer > --- INVENTORY (16) --- Compact Wheel Medium Storage Unit Large Storage Unit High-capacity Matter Pod (200) Experimental Sensor Array Signal Interpreter Assault Rifle Light Assault Rifle Light Assault Rifle Light Assault Rifle Heavy Assault Rifle Heavy Assault Rifle Heavy Assault Rifle Peak State ------------ > --- POWER ------------ Light Ion Engine > --- PROPULSION ------- Light Treads Light Treads > --- UTILITY ---------- Large Storage Unit Large Storage Unit > --- WEAPON ----------- Light Assault Rifle Heavy Assault Rifle > --- INVENTORY -------- Light Ion Engine Light Treads Light Treads Wheel Compact Wheel Medium Storage Unit Medium Storage Unit High-capacity Matter Pod High-capacity Matter Pod Signal Interpreter Assault Rifle Light Assault Rifle Heavy Assault Rifle Heavy Assault Rifle Heavy Assault Rifle Heavy Hammer [Rating: 10] Favorites ----------- Power Light Ion Engine Engine Light Ion Engine Propulsion Light Treads Treads Light Treads Leg Aluminum Leg Utility Large Storage Unit Storage Large Storage Unit Weapon Heavy Assault Rifle Energy Gun Medium Laser Ballistic Gun Heavy Assault Rifle Impact Weapon Heavy Hammer Build | -11 -10 -10 ------- Run | Scr Mat Min Slots Evolved . | . . . Power . | . . . Propulsion . | . . . Utility . | . . . Weapon . | . . . Parts Attached 11 | 1 7 3 Power . | . . . Engine . | . . . Core . | . . . Reactor . | . . . Propulsion 4 | . 2 2 Treads 4 | . 2 2 Leg . | . . . Wheel . | . . . Hover . | . . . Flight . | . . . Utility 4 | 1 3 . Device . | . . . Storage 4 | 1 3 . Processor . | . . . Hackware . | . . . Protection . | . . . Artifact . | . . . Weapon 3 | . 2 1 Energy Gun . | . . . Energy Cannon . | . . . Ballistic Gun 2 | . 2 . Ballistic Cannon . | . . . Launcher . | . . . Special Weapon . | . . . Impact Weapon 1 | . . 1 Slashing Weapon . | . . . Piercing Weapon . | . . . Special Melee Weapon . | . . . Unidentified Prototypes . | . . . Parts Lost 6 | . 1 5 Power 1 | . . 1 Propulsion 3 | . . 3 Utility . | . . . Weapon 2 | . 1 1 Highest Loss Streak 2 | . 1 2 Average Slot Usage (%) 95 | . 99 92 Engine 10 | . 14 7 Treads 25 | . 24 27 Leg 1 | . 3 . Storage 28 | . 28 28 Energy Gun 3 | . 7 . Ballistic Gun 23 | . 20 27 Naked Turns . | . . . Heaviest Build 39 | 15 39 39 Greatest Support 40 | 20 40 40 Greatest Overweight (x) . | . . . Average Overweight (x) . | . . . Largest Inventory Capacity 16 | 8 16 16 Average Capacity 13 | 6 11 16 Most Carried 16 | 7 16 16 Average Carried 13 | 6 10 15 Final Capacity 16 | 8 16 16 Final Carried 16 | 7 16 13 Class Distribution -------------------- 100% | Mutant Dominant Class ---------------- Mutant | -10/Materials Mutant | -10/Mines Resources | -11 -10 -10 ----------- Run | Scr Mat Min Matter Collected 645 | 219 177 249 Remotely . | . . . Salvage Created 472 | 70 255 147 Parts 26 | 3 20 3 Haulers Intercepted 1 | . 1 . Recyclers Shooed . | . . . Parts Field Recycled . | . . . Retrieved Matter . | . . . Parts Self-Destructed . | . . . Prevented . | . . . Kills | -11 -10 -10 ------- Run | Scr Mat Min Combat Hostiles Destroyed 16 | . 6 10 Melee 1 | . . 1 Guns 15 | . 6 9 Classes Destroyed 7 | 1 5 1 Worker 1 | . 1 . Hauler 1 | . 1 . Recycler 1 | 1 . . Watcher 1 | . 1 . Swarmer 5 | . 3 2 Grunt 3 | . 3 . Assembled 7 | . . 7 Best Kill Streak 7 | 1 4 7 Combat Bots Only 7 | . 3 7 Max Kills in Single Turn 1 | 1 1 1 Gunslinging . | . . . Exploded . | . . . Melee 1 | . . 1 Uniques/NPCs Destroyed 1 | . . 1 YI-UF0 (-10/Mines) Combat | -11 -10 -10 -------- Run | Scr Mat Min Damage Taken 1252 | . 278 974 Core 268 | . 95 173 Absorbed by Shields . | . . . Core Remaining (%) 100 | 100 . . Volleys Fired 64 | 3 21 40 Largest 2 | 2 2 2 Hottest 70 | 70 70 43 Shots Fired 128 | 6 42 80 Gun 128 | 6 42 80 Cannon . | . . . Launcher . | . . . Special . | . . . Kinetic 106 | 3 23 80 Thermal 22 | 3 19 . Explosive . | . . . Electromagnetic . | . . . Robot Hit Streak 22 | 4 17 22 Robot Miss Streak 2 | 1 1 2 Penetration Max . | . . . Secondary Targets 1 | . . 1 Max Gunslinging Chain 1 | . . 1 Shots Hit Robots 90 | 4 31 55 Core Hits 41 | 2 15 24 Critical Hits 1 | . 1 . Critical Kills . | . . . Critical Parts Destroyed 1 | . 1 . Melee Attacks 3 | . . 3 Impact 3 | . . 3 Slashing . | . . . Piercing . | . . . Sneak Attacks . | . . . Combat Hostiles . | . . . Follow-up Attacks . | . . . Damage Inflicted 1059 | 49 388 622 Guns 1008 | 49 380 579 Cannons . | . . . Explosions . | . . . Melee 37 | . . 37 Ramming 14 | . 8 6 Kinetic 772 | 11 182 579 Thermal 236 | 38 198 . Explosive . | . . . Electromagnetic . | . . . Impact 37 | . . 37 Slashing . | . . . Piercing . | . . . Highest Corruption . | . . . Average Corruption . | . . . Corruption Purged . | . . . Overload Shots . | . . . Overflow Damage . | . . . Projectiles . | . . . Explosions . | . . . Melee . | . . . Knockbacks . | . . . Impact . | . . . Kinetic . | . . . Secondary . | . . . Self-Inflicted Damage . | . . . Shots . | . . . Rammed 2 | . 1 1 Targets Rammed 3 | . 2 1 Kicked . | . . . Crushed 1 | . 1 . Highest Temperature 183 | 18 183 4 Average Temperature 46 | 9 61 1 Received Heat Transfer 96 | . 96 . Siege Activations . | . . . Robots Corrupted . | . . . Combat Hostiles . | . . . Parts Fried . | . . . Impact Corruptions . | . . . Robots Melted . | . . . Combat Hostiles . | . . . Parts Melted 1 | . 1 . Heat Transferred 703 | 111 592 . Parts Sabotaged . | . . . Parts Stolen . | . . . Parts Stripped . | . . . Power Chain Reactions . | . . . Missiles Intercepted . | . . . Alert | -11 -10 -10 ------- Run | Scr Mat Min Peak Influence 183 | 5 183 58 Average Influence 38 | 3 47 31 Maximum Alert Level . | . . . Low Security (%) 100 | 100 100 100 Level 1 . | . . . Level 2 . | . . . Level 3 . | . . . Level 4 . | . . . Level 5 . | . . . High Security . | . . . Max Security . | . . . Squads Dispatched 1 | . 1 . Investigation 1 | . 1 . Extermination . | . . . Reinforcement . | . . . Assault . | . . . Garrison . | . . . Intercept . | . . . Construction Impeded . | . . . Haulers Reinforced . | . . . Stealth | -11 -10 -10 --------- Run | Scr Mat Min Distress Signals . | . . . Communications Jammed . | . . . Distress Signals . | . . . Times Spotted 21 | . 7 14 Peak Tracking Total 9 | . 3 9 Tactical Retreats 1 | . . 1 Traps | -11 -10 -10 ------- Run | Scr Mat Min Traps Triggered 1 | . 1 . Indirectly . | . . . Trap Hack Attempts . | . . . Triggered . | . . . Disarmed . | . . . Reprogrammed . | . . . Reused . | . . . Traps Extracted . | . . . Installed . | . . . Triggered . | . . . Machines | -11 -10 -10 ---------- Run | Scr Mat Min Machines Disabled . | . . . Max in Single Turn . | . . . Machines Sabotaged . | . . . Garrisons Compromised . | . . . Overloaded Fab Kills . | . . . Fab Network Shutdowns . | . . . Hacking | -11 -10 -10 --------- Run | Scr Mat Min Machines Accessed 5 | . 5 . Terminals 3 | . 3 . Fabricators . | . . . Repair Stations . | . . . Recycling Units 2 | . 2 . Scanalyzers . | . . . Garrison Access . | . . . Total Hacks 14 | . 14 . Successful 10 | . 10 . Failed 3 | . 3 . Catastrophic . | . . . Database Lockouts 1 | . 1 . Manual 8 | . 8 . Terminals 12 | . 12 . Fabricators . | . . . Repair Stations . | . . . Recycling Units 2 | . 2 . Scanalyzers . | . . . Garrison Access . | . . . Terminal Hacks 7 | . 7 . Prototype ID Bank 3 | . 3 . Branch Access Points 1 | . 1 . Locate Traps 1 | . 1 . Hauler Manifests 1 | . 1 . Registered Components 1 | . 1 . Fabricator Hacks . | . . . Repair Station Hacks . | . . . Recycling Unit Hacks 2 | . 2 . Retrieve Components 2 | . 2 . Scanalyzer . | . . . Garrison Access Hacks . | . . . Unauthorized Hacks 2 | . 2 . Terminals 1 | . 1 . Botnet 1 | . 1 . Fabricators . | . . . Repair Stations . | . . . Recycling Units . | . . . Scanalyzers . | . . . Garrison Access . | . . . Data Cores Recovered . | . . . Used . | . . . Hacking Detections 3 | . 3 . Full Trace Events . | . . . Feedback Events . | . . . Feedback Blocked . | . . . Robot Schematics Acquired . | . . . Robots Built . | . . . Matter . | . . . Time . | . . . Total Robot Build Rating . | . . . Part Schematics Acquired . | . . . Parts Built . | . . . Matter . | . . . Time . | . . . Total Part Build Rating . | . . . Parts Repaired . | . . . Time . | . . . Parts Recycled . | . . . Recycled Matter . | . . . Retrieved Matter . | . . . Retrieved Components 3 | . 3 . Parts Scanalyzed . | . . . Part Schematics Acquired . | . . . Parts Damaged . | . . . Bothacking | -11 -10 -10 ------------ Run | Scr Mat Min Used RIF Installer . | . . . Robots Hacked . | . . . Non-combat . | . . . Combat . | . . . Robot Hacks Applied . | . . . Relay Couplers Released . | . . . Robots Rewired . | . . . Allies Hacked . | . . . Hacks Repelled . | . . . Allies | -11 -10 -10 -------- Run | Scr Mat Min Total Allies . | . . . Largest Group . | . . . Highest-Rated Group . | . . . Highest-Rated Ally . | . . . Total Orders . | . . . Ally Attacks . | . . . Total Damage . | . . . Kills . | . . . Allies Corrupted . | . . . Allies Melted . | . . . Intel | -11 -10 -10 ------- Run | Scr Mat Min Robot Analysis Total . | . . . Derelict Logs Recovered 2 | . . 2 Drone Launches . | . . . Drone Recoveries . | . . . Exploration | -11 -10 -10 ------------- Run | Scr Mat Min Turns Passed 1394 | 46 668 680 Spaces Moved 725 | 29 366 330 Core . | . . . Treads 629 | . 299 330 Legs 96 | 29 67 . Wheels . | . . . Hover . | . . . Flight . | . . . Fastest Speed 120 | 120 120 160 Average Speed 154 | 120 152 160 Slowest Speed 160 | 120 160 160 Overloaded Moves . | . . . Propulsion Burnouts . | . . . Robots Hopped . | . . . Cave-ins Triggered . | . . . Exploration Rate (%) 43 | 2 53 76 Regions Visited 2 Branch Regions 1 Pre-discovered Areas 1 | . . 1 Known Exits Taken 1 | . 1 . Unknown Exits Taken 1 | 1 . . Scrap Searched 1 | . . 1 Spaces Dug . | . . . Terrain Destroyed . | . . . Melee . | . . . Projectile . | . . . AOE . | . . . Actions | -11 -10 -10 --------- Run | Scr Mat Min Total 880 | 33 440 407 Wait 33 | . 13 20 Move 723 | 28 365 330 Hop . | . . . Pick Up 25 | 1 19 5 Fast Attach 1 | 1 . . Attach 6 | . 3 3 Detach . | . . . Swap 4 | . 4 . Drop 18 | . 13 5 Fire 64 | 3 21 40 Melee 3 | . . 3 Ram . | . . . Kick . | . . . Crush 3 | . 2 1 Escape Stasis . | . . . Rewire . | . . . Trap . | . . . Miscellaneous . | . . . Route ------- -11/Scrapyard -10/Materials -10/Mines (discovered 1 exit: [*Mat]) History --------- Turn | Location | Event 7 | -11/Scrapyard | Discovered new exit (range 2) 47 | -11/Scrapyard | Entered Materials 119 | -10/Materials | Identified exit to Mines 152 | -10/Materials | Central database locked down 314 | -10/Materials | Build established: Mutant 715 | -10/Materials | Entered Mines 905 | -10/Mines | Learned Materials emergency access door positions 967 | -10/Mines | Discovered new exit (range 8) 970 | -10/Mines | Learned location of Storage (-7) 1049 | -10/Mines | Core integrity fell below 50% 1067 | -10/Mines | Destroyed YI-UF0 1113 | -10/Mines | Found a damaged Exp. Sensor Array with a note attached 1118 | -10/Mines | Found Prototype Device 1146 | -10/Mines | Learned Materials stockpile data 1298 | -10/Mines | Assembled infested the area 1318 | -10/Mines | Core integrity fell below 20% 1395 | -10/Mines | Destroyed by as-20516 with Assembled Heavy Rifle Last Messages --------------- 01248_ Acquired Lrg. Storage Unit. 01298_ ALERT: Infestation in the mines, dispatching Demolisher response squad. 01323_ as-34671 destroyed. 01323_ Switching to secondary target: as-04928. 01327_ as-35258 destroyed. 01328_ Lgt. Treads destroyed. 01336_ Destroyed Asb. Hover Unit. 01338_ Lgt. Treads destroyed. 01343_ as-04928 destroyed. 01363_ as-02895 destroyed. 01364_ Acquired 17 matter. 01367_ as-09656 destroyed. 01378_ as-79341 destroyed. 01379_ Acquired 14 matter. 01381_ Lgt. Treads destroyed. 01382_ K-01 Serf collects debris. 01385_ Lgt. Assault Rifle destroyed. 01391_ as-19219 destroyed. 01392_ Acquired 18 matter. Map ----- +----------------------------------------------------+ | # ##### ##?#%#????# ? ???????????????????????? | | #???#####??#!#????? ? ????????????????????????? | | ###??????????#/#?????#??????????????????????????? | | #????????????# #????????????????????????????????? | | ##??????????## #????????????????????????????????? | | ##????????## ##?####?#????????????????????????? | | #????##### #? ? ????????????????????????? | | ##???# ## ""? ????????????????????????? | | ###?# ## ### ""? ????????????????????????? | | ### ## ### "?? ????????????????????????? | | ##?# ??? ????????????????????????? | | ##??# #??# ????????????????????????? | | #### ##???# #??# #???????????????????????? | | ##??# #??### #??# #???????????????????????? | | #####???# #?## ##?# #???????????????????????? | | ##???????# ### #?# #???????????????????????? | | ###??????# #?# #???????????????????????? | | ###????# ## ### #??#????????????????????? | | ##???# ## ## #? #????????????????????? | | #???# ### ## ## #????????????????????? | | #???# ### #????????????????????? | | ##??# ####u###????????????????????? | | ######## ##??#k#??????????????????????? | | ##??## ##???# #??????????????????????? | | #??# ##???#a#??????????????????????? | | ## #??# ##??#@#??????????????????????? | | ###### #### #??#a#########??????????????? | | ?????# #??#%a% #??????????????? | | ?????## #??######### #??????????????? | | ??????########### #??????????????????????????? | | ????????????????## #??????????????????????????? | | ??????????????????# ##??????????????????????????? | | ???????????????????###???????????????????????????? | | ?????????????????????????????????????????????????? | | | | | | | | | | | | | | | | | | | | | | | | | | | | | | | | | +----------------------------------------------------+ Best States ------------- Heat Dissipation 25 Energy Generation 10 Energy Capacity 125 Matter Stores 300 Matter Capacity 300 Sight Range 16 Terrain Scan Density 10 Evasion (%) 40 Recoil Reduction 2 Item Schematics ----------------- None Robot Schematics ------------------ None Fabricated ------------ Nothing Alien Tech Used ----------------- None Achievements -------------- None Challenges ------------ None Game ------ Seed BladeEnergyNetwork Manual? 0 Play Time 00:13:48 Cumulative 602.0 hours Start 2019.11.17 @ 11:46:45 End 2019.11.17 @ 11:56:41 Sessions 1 Manual Loads 0 Difficulty Rogue Special Mode None Game No. 388 Rogue 388 Adventurer 0 Explorer 0 Win Type - Total 99 Types 66/6/7/10/5/1/4 Lore% 96 Gallery% 94 Achievement% 80 Wizard Run 0 Options --------- ASCII 0 Keyboard 0 Movement Numpad Keybinds 0 Fullscreen 2 Font 18/SmallcapsGlow Map View 76x50 Tactical HUD 1 Map Filters NONE Filters NONE Steam 1 RUN: 7c06849c-a2fb-46ce-93a9-2dc6a8fdf543